cohdb
Replays
Latest Replays
All Replays
Popular Replays
Top Player Replays
Match Explorer
How It Works
Community
CoH3 Stats
Reddit
Sign in to upload your games and track your stats! →
Sign in with Steam
Match 43187645
Unlisted
Match 43187645
Overview
Messages
Build Orders
End
Construct Section Command Post
Royal Engineer Section
Vickers Machine Gun Team
Infantry Section
Selects Heavy Armor Battlegroup
Construct Platoon Command Post
Selects Rigorous Vehicle Training
6-pounder Anti-tank Gun Team
Infantry Section
Selects Light Vehicle Withdraw and Refit
6-pounder Anti-tank Gun Team
Construct Company Command Post
Selects Radio Net
Matilda II Heavy Tank
Selects Forward Repair Assembly
CMP 15cwt Truck
Matilda II Heavy Tank
Armored Vehicle Training
CMP 15cwt Truck
Selects Recon Artillery
Recon Artillery
Selects UNKNOWN (2162094)
Churchill IV Heavy Tank
Infantry Training
Recon Artillery
KisMarT
ChesterPL
Mati
Kaspan
Papa Shango
Husar
0
0
Comments
sign in to comment!
No comments posted yet!